 Dungeon Crawl Stone Soup version 0.25-a0-577-ga4619f4 (webtiles) character file.

Game seed: 786751280382691529, levelgen mode: deterministic

2156 HungryMoth the Skirmisher (level 9, -6/93 HPs)
             Began as a Troll Monk on Mar 2, 2020.
             Was a Believer of Ru.
             Mangled by Harold
             ... wielding a +0 trident
              (17 damage)
             ... on level 7 of the Dungeon.
             The game lasted 00:11:28 (5087 turns).

HungryMoth the Skirmisher (Troll Monk)              Turns: 5087, Time: 00:11:28

Health: -6/93      AC:  8    Str: 24    XL:     9   Next: 10%
Magic:  8/8        EV: 13    Int:  6    God:    Ru [**....]
Gold:   380        SH:  0    Dex: 12    Spells: 8/8 levels left

rFire    + + .     SeeInvis .   w - +5 club
rCold    x . .     Gourm    +   (no shield)
rNeg     . . .     Faith    .   p - +2 robe {rF+}
rPois    .         Spirit   .   (helmet restricted)
rElec    .         Reflect  .   (no cloak)
rCorr    .         Harm     .   (gloves unavailable)
MR       .....                  (boots unavailable)
Stlth    ++........             (no amulet)
HPRegen  0.65/turn              J - ring of wizardry
MPRegen  0.11/turn              O - ring of fire

@: marked, no scrolls, flying
A: large, unfitting armour, claws 3, fast metabolism 3, gourmand, regeneration
1, shaggy fur 1, tough skin 3, inability to read while threatened, no air magic,
no necromancy magic, no summoning magic
a: Renounce Religion


You were on level 7 of the Dungeon.
You worshipped Ru.
Ru was pleased with you.
You were very full.

You visited 1 branch of the dungeon, and saw 7 of its levels.
You also visited: Ossuary.

You collected 380 gold pieces.

Inventory:

Hand Weapons
 w - a +5 club (weapon)
 y - a +0 giant club
Armour
 a - a +0 robe
 p - a +2 robe of fire resistance (worn)
 G - a +0 cloak
Jewellery
 J - a ring of wizardry (left claw)
 O - a ring of fire (right claw)
 Q - an uncursed amulet of magic regeneration {unknown}
Wands
 u - a wand of flame (14)
 L - a wand of polymorph (10)
Scrolls
 c - 15 scrolls of identify
 e - 2 scrolls of immolation
 i - 3 scrolls of remove curse
 q - 2 scrolls of magic mapping
 t - a scroll of amnesia {unknown}
 D - 3 scrolls of enchant armour {unknown}
 F - a scroll of fog
 K - 2 scrolls of random uselessness {unknown}
Potions
 g - 4 potions of brilliance
 h - 2 potions of flight
 j - 4 potions of lignification {unknown}
 k - a potion of haste {unknown}
 n - a potion of mutation {unknown}
 s - 3 potions of degeneration {unknown}
 A - 2 potions of berserk rage {unknown}
 C - 2 potions of stabbing {unknown}
 E - 3 potions of curing {unknown}
 H - a potion of magic {unknown}
 I - a potion of cancellation {unknown}
 N - a potion of might {unknown}
Comestibles
 b - 14 rations


   Skills:
 + Level 7.1 Fighting
 + Level 3.6 Maces & Flails
 + Level 7.1 Dodging
 - Level 1.0 Stealth
 - Level 3.0 Unarmed Combat


You had 8 spell levels left.
You didn't know any spells.
Your spell library contained the following spells:

 Spells                   Type           Power        Failure   Level  Hunger
 Beastly Appendage        Tmut           #.....       21%         1    ##.....
 Sticks to Snakes         Tmut           #.......     28%         2    ###....
 Spider Form              Tmut/Pois      #.........   50%         3    ####...
 Ice Form                 Ice/Tmut       #.......     86%         4    #####..
 Blade Hands              Tmut           #.........   99%         5    ######.
 Summon Small Mammal      Summ           Unusable     N/A         1    N/A
 Call Imp                 Summ           Unusable     N/A         2    N/A
 Call Canine Familiar     Summ           Unusable     N/A         3    N/A
 Summon Guardian Golem    Hex/Summ       Unusable     N/A         3    N/A
 Summon Ice Beast         Ice/Summ       Unusable     N/A         4    N/A
 Summon Lightning Spire   Summ/Air       Unusable     N/A         4    N/A

Dungeon Overview and Level Annotations

Branches:
Dungeon (7/15)             Temple (0/1) D:5         Ossuary (visited)

Altars:
Ashenzari
Dithmenos
Hepliaklqana
Makhleb
Nemelex Xobeh
Ru
Sif Muna
Trog
Wu Jian

Shops:
D:6 [

Annotations:
D:3 1 runed translucent door, flotson's ghost, amateur GnWn
D:4 exclusion: door
D:7 Harold


Innate Abilities, Weirdness & Mutations

You are too large for most types of armour.
You have claws for hands.
Your metabolism is lightning-fast.
You like to eat raw meat.
Your natural rate of healing is unusually fast.
You are covered in fur. (AC +1)
You have extremely tough skin. (AC +3)
You cannot read scrolls while threatened.
You cannot study or cast Air magic.
You cannot study or cast Necromancy magic.
You cannot study or cast Summoning magic.


Message History

You sock Harold!
Harold is lightly wounded.
Harold casts a spell at you. A sentinel's mark forms upon you.
You hit Harold.
Harold is moderately wounded.
You redirect Harold's attack!
Harold barely misses you.
You hit Harold.
Harold is moderately wounded.
Harold hits you with a +0 trident!
* * * LOW HITPOINT WARNING * * *
You hit Harold but do no damage.
Harold is moderately wounded.
Harold barely misses you.
Okay, then.
It was a potion of flight.
You feel very buoyant.
You fly up into the air.
Harold hits you with a +0 trident!
You die...

#.....##..##
#..####.....##....
..................
##.#####.....###...
#..###.............
..##.....#.#.....# #
#.##.#.###.#.###..
#.#.##.#.###.#.# #..
#.@@...#.#.....# ##.
##...##.<(..#...#####
#......##(#.#####.#....
.#.###..##(#.# #.#.##.
...#....##...#####...##.
#.#...............(.....
.#.#.#...#.........^.....
............###.........#
..............##
#.........#


You could see Harold.

Vanquished Creatures
  Sigmund (D:3)
  3 steam dragons (D:7)
  A black bear (D:7)
  2 phantoms
  An ogre (D:4)
  2 centaurs
  A bullfrog (D:6)
  2 jellies
  2 howler monkeys
  A crimson imp (D:5)
  3 hounds
  3 orc priests
  2 orc wizards (D:4)
  2 bullfrog skeletons
  An iguana (D:4)
  Ijyb (D:4)
  4 worker ants
  2 hound zombies (D:6)
  12 mummies (Ossuary)
  Robin (D:3)
  2 worker ant zombies
  4 gnolls
  6 adders
  A shadow imp (D:6)
  An ooze (D:5)
  2 worms (D:3)
  3 dart slugs
  4 leopard geckos
  13 orcs
  6 bats
  3 giant cockroaches
  15 goblins
  11 hobgoblins
  13 jackals
  5 quokkas
  A ball python (D:3)
  6 frilled lizards
  3 gnoll skeletons (Ossuary)
  A jackal skeleton (D:6)
  12 kobolds
  A kobold skeleton (Ossuary)
  4 orc skeletons (Ossuary)
  A quokka zombie (D:6)
  3 rats
  11 rat skeletons (Ossuary)
179 creatures vanquished.

Notes
Turn   | Place    | Note
-------+----------+-------------------------------------------
     0 | D:1      | HungryMoth the Troll Monk began the quest for the Orb.
     0 | D:1      | Reached XP level 1. HP: 22/22 MP: 0/0
   114 | D:1      | Reached XP level 2. HP: 29/29 MP: 1/1
   179 | D:1      | Reached XP level 3. HP: 24/37 MP: 2/2
   691 | D:2      | Reached XP level 4. HP: 45/45 MP: 3/3
   759 | D:2      | Found a hazy altar of Hepliaklqana.
   962 | D:3      | Found a runed translucent door.
  1032 | D:3      | Noticed Robin
  1056 | D:3      | Killed Robin
  1056 | D:3      | Reached XP level 5. HP: 52/54 MP: 4/4
  1132 | D:3      | Found a sacrificial altar of Ru.
  1155 | D:3      | Became a worshipper of Ru the Awakened
  1174 | D:3      | Gained mutation: You cannot study or cast Air magic. [Ru
                  | sacrifice]
  1174 | D:3      | Gained mutation: You cannot study or cast Necromancy magic.
                  | [Ru sacrifice]
  1174 | D:3      | Gained mutation: You cannot study or cast Summoning magic.
                  | [Ru sacrifice]
  1174 | D:3      | Reached * piety under Ru
  1239 | D:3      | Noticed Sigmund
  1252 | D:3      | Killed Sigmund
  1252 | D:3      | Reached XP level 6. HP: 6/63 MP: 5/5
  1471 | D:3      | Noticed flotson's ghost (amateur GnWn)
  1937 | D:4      | Found a shimmering blue altar of Sif Muna.
  1985 | D:4      | Noticed Ijyb
  1994 | D:4      | Killed Ijyb
  2013 | D:4      | Reached skill level 5 in Fighting
  2013 | D:4      | Reached skill level 5 in Dodging
  2013 | D:4      | Reached XP level 7. HP: 65/72 MP: 6/6
  2417 | D:4      | Found a bloodstained altar of Trog.
  2719 | D:5      | Entered Level 5 of the Dungeon
  2877 | D:5      | Reached XP level 8. HP: 70/83 MP: 7/7
  2953 | D:5      | Found a sand-covered staircase.
  2963 | Ossuary  | Entered an ossuary
  3213 | Ossuary  | Reached skill level 1 in Maces & Flails
  3385 | Ossuary  | Gained mutation: You cannot read scrolls while threatened.
                  | [Ru sacrifice]
  3385 | Ossuary  | Reached ** piety under Ru
  3644 | D:5      | Found an ornate altar of the Wu Jian Council.
  3706 | D:5      | Found a staircase to the Ecumenical Temple.
  4254 | D:6      | Found a shattered altar of Ashenzari.
  4296 | D:6      | Found Biddol's Antique Armour Emporium.
  4299 | D:6      | Found a sparkling altar of Nemelex Xobeh.
  4489 | D:6      | Found a shadowy altar of Dithmenos.
  4723 | D:7      | Found a burning altar of Makhleb.
  4967 | D:7      | Reached XP level 9. HP: 62/93 MP: 8/8
  5073 | D:7      | Noticed Harold
  5087 | D:7      | Mangled by Harold

Levels and vault maps discovered:
D:1:      saegor_arrival_simple_d, layout_rooms, minmay_pentomino_v4
D:2:      layout_rooms, lemuel_round_altar, first_ration,
          kennysheep_generic_room_3
D:3:      layout_basic, old_standard_altar, ebering_ghost_reflecting_pool,
          minivault_19, uniq_robin, uniq_sigmund
D:4:      layout_loops_ring, lemuel_doored_altar, led_sif_book, uniq_ijyb
D:5:      layout_rooms, kennysheep_mini_moat, temple_doors_e, serial_rivers,
          chequers_serial_rivers_large_a, chequers_serial_rivers_micro_d,
          chequers_serial_rivers_small_b, chequers_serial_rivers_micro_e,
          lightli_ossuary_entry_decrepit_ruins
D:6:      layout_loops_ring, kennysheep_mini, nemelex_xobeh_ov_fountains_minmay,
          serial_shops, shop, grunt_dithmenos_shadows
D:7:      cheibrodos_steamvent, layout_rooms, nicolae_overflow_hidden_temple,
          overflow_temple_1_default, bloody_makhleb, uniq_harold

Skill      XL: |  1  2  3  4  5  6  7  8 |
---------------+-------------------------+-----
Fighting       | 3 4 5 6 7 |  7.1
Dodging        | 3 4 5 6 7 |  7.1
Maces & Flails | 3 |  3.6
Stealth        | |  1.0
Unarmed Combat | |  3.0

Action                   |  1- 3 |  4- 6 |  7- 9 || total
-------------------------+-------+-------+-------++-------
Melee: Unarmed           |    95 |   151 |       ||   246
       Punch             |     1 |     2 |     7 ||    10
       Club              |       |     4 |   410 ||   414
Invok: Sacrifice Arcana  |       |     1 |       ||     1
       Sacrifice Words   |       |       |     1 ||     1
  Use: Scroll            |       |       |     8 ||     8
       Potion            |       |       |     1 ||     1
 Stab: Sleeping          |     2 |     1 |     7 ||    10
  Eat: Chunk             |    12 |    11 |    30 ||    53
Armor: Robe              |    44 |    40 |   108 ||   192
Dodge: Dodged            |    74 |    74 |   228 ||   376

Table legend:
 A = Non-vault XP
 B = Vault XP
 C = Vault XP percentage of total XP
 D = Non-vault monster count
 E = Vault monster count
 F = Vault count percentage of total count
                 A         B        C        D         E       F
            +---------+---------+-------+---------+---------+-------
      Total |    2010 |    1070 |  34.7 |     128 |      50 |  28.1
            +---------+---------+-------+---------+---------+-------
        D:1 |      62 |       3 |   4.6 |      27 |       1 |   3.6
        D:2 |      38 |       2 |   5.0 |      17 |       1 |   5.6
        D:3 |     197 |     258 |  56.7 |      32 |      12 |  27.3
        D:4 |     589 |      76 |  11.4 |      18 |       2 |  10.0
        D:5 |     634 |       0 |   0.0 |      19 |       0 |   0.0
        D:6 |     198 |      12 |   5.7 |       8 |       1 |  11.1
        D:7 |     292 |     485 |  62.4 |       7 |       3 |  30.0
    Ossuary |       0 |     234 | 100.0 |       0 |      30 | 100.0
            +---------+---------+-------+---------+---------+-------
